 Dungeon Crawl Stone Soup version 0.29-a0-322-g68df515428 (webtiles) character file.

Game seed: 11943753125336381491

117 kae the Firebug (level 5, 0/28 HPs)
             Began as a Tengu Fire Elementalist on Apr 7, 2022.
             Slain by a phantom (4 damage)
             ... on level 4 of the Dungeon.
             The game lasted 00:01:37 (3659 turns).

kae the Firebug (Tengu Fire Elementalist)           Turns: 3659, Time: 00:01:38

Health: 0/28       AC:  3    Str:  9    XL:     5   Next: 1%
Magic:  5/10       EV: 15    Int: 17    God:
Gold:   119        SH:  0    Dex: 14    Spells: 3/9 levels left

rFire   . . .      SeeInvis .   f - staff of air
rCold   . . .      Faith    .   (no shield)
rNeg    + . .      Spirit   .   a - +0 robe
rPois   .          Reflect  .   (helmet restricted)
rElec   +          Harm     .   d - +0 cloak
rCorr   .          Rampage  .   (no gloves)
Will    .....                   (boots unavailable)
Stlth   ++........              (no amulet)
HPRegen 0.09/turn               p - ring of positive energy
MPRegen 0.12/turn               (no ring)

@: flying quickly and evasively, quick
A: beak, talons 3, nimble flight
a: no special abilities


You were on level 4 of the Dungeon.
You visited 1 branch of the dungeon, and saw 4 of its levels.

You collected 139 gold pieces.
You spent 20 gold pieces at shops.

Inventory:

Armour
 a - a +0 robe (worn)
 d - a +0 cloak (worn)
Magical Staves
 f - a staff of air (weapon)
Jewellery
 p - a ring of positive energy (left hand)
Wands
 n - a wand of flame (7)
 t - a wand of digging (5)
Scrolls
 e - a scroll of blinking {unknown}
 j - a scroll of fog {unknown}
 l - a scroll of torment {unknown}
 o - 3 scrolls of fear {unknown}
 q - a scroll of vulnerability {unknown}
 r - a scroll of magic mapping {unknown}
 s - a scroll of immolation {unknown}
 u - a scroll of teleportation
 w - a scroll of identify
Potions
 b - a potion of magic
 c - a potion of haste
 g - 2 potions of brilliance {unknown}
 h - 2 potions of invisibility {unknown}
 i - a potion of curing {unknown}
 k - a potion of cancellation {unknown}
 m - 2 potions of lignification {unknown}
 v - 2 potions of mutation {unknown}


   Skills:
 + Level 3.1 Dodging
 + Level 2.9 Stealth
 + Level 2.7 Spellcasting
 + Level 2.9 Conjurations
 + Level 4.0 Fire Magic


You had 3 spell levels left.
You knew the following spells:

 Your Spells              Type           Power      Damage    Failure   Level
a - Foxfire               Conj/Fire      56%        2x1d6     4%          1
b - Scorch                Fire           30%        2d7       5%          2
c - Conjure Flame         Conj/Fire      14%        6-21      13%         3

Your spell library contained the following spells:

 Spells                   Type           Power      Damage    Failure   Level
 Inner Flame              Hex/Fire       9%         N/A       24%         3
 Stone Arrow              Conj/Erth      14%        3d7       30%         3
 Call Canine Familiar     Summ           2%         N/A       47%         3
 Portal Projectile        Hex/Tloc       4%         N/A       47%         3
 Flame Wave               Conj/Fire      14%        2d6       41%         4
 Animate Armour           Summ/Erth      4%         N/A       87%         4
 Leda's Liquefaction      Hex/Erth       1%         N/A       87%         4
 Lehudib's Crystal Spear  Conj/Erth      3%         10d3      100%        8


Dungeon Overview and Level Annotations

Branches:
Dungeon (4/15)
 Temple: D:4-7

Altars:

Shops:
D:1 (   D:2 *

Annotations:
D:2 Sigmund
D:3 1 runed translucent door, Crazy Yiuf


Innate Abilities, Weirdness & Mutations

You have a beak for a mouth.
You have claws for feet.
Your magical nature lets you fly swiftly and evasively.


Message History

The foxfire hits the phantom.
The phantom is heavily damaged.
The foxfire hits the phantom.
The phantom is severely damaged.
The phantom hits you.
Casting: Foxfire (safe; 4% risk of failure)
Confirm with . or Enter, or press ? or * to list all spells.
You conjure some foxfire!
The phantom hits you.
The foxfire hits the phantom.
The phantom is severely damaged.
The foxfire hits the phantom but does no damage.
The phantom is severely damaged.
The phantom closely misses you.
Casting: Foxfire (safe; 4% risk of failure)
Confirm with . or Enter, or press ? or * to list all spells.
You conjure some foxfire!
The phantom closely misses you.
The foxfire hits the orc.
The orc is heavily wounded.
The foxfire hits the orc.
The orc is almost dead.
The orc hits you with a +0 dagger. The phantom barely misses you.
Casting: Foxfire (safe; 4% risk of failure)
Confirm with . or Enter, or press ? or * to list all spells.
You conjure some foxfire!
The phantom hits you.
The phantom blinks!
You blink.
The foxfire hits the orc.
You kill the orc!
The foxfire hits the phantom.
The phantom is severely damaged.
The phantom hits you.
Casting: Foxfire (safe; 4% risk of failure)
Confirm with . or Enter, or press ? or * to list all spells.
You conjure some foxfire!
The phantom hits you.
* * * LOW HITPOINT WARNING * * *
The phantom blinks!
You blink.
Found a glowing coppery potion.
The foxfire hits the phantom but does no damage.
The phantom is severely damaged.
The foxfire hits the phantom.
The phantom is severely damaged.
The phantom hits you.
You die...

!..# #...##
#....# #.....
# .# #....>
#.. ..## #...#
###.... ....#
#..##....#
#...# #.W@...#
#....###...###
#..o##§.##
#..§#§.#
##..§§##
###(.# ##.#
..# ..#


You could see a phantom.

Vanquished Creatures
  An orc wizard (D:3)
  A gnoll (D:3)
  3 adders (D:3)
  2 worms
  3 dart slugs
  2 orcs
  5 endoplasms
  4 giant cockroaches
  2 goblins (D:1)
  5 hobgoblins
  A quokka (D:2)
  4 ball pythons
  2 bats
  3 kobolds (D:1)
  7 rats
45 creatures vanquished.

Vanquished Creatures (others)
  158 foxfires
  4 plants (D:3)
162 creatures vanquished.

Grand Total: 207 creatures vanquished

Notes
Turn   | Place    | Note
-------+----------+-------------------------------------------
     0 | D:1      | kae the Tengu Fire Elementalist began the quest for the
                  | Orb.
     0 | D:1      | Reached XP level 1. HP: 10/10 MP: 4/4
   195 | D:1      | Found Wiankuuw's Weapon Emporium.
   244 | D:1      | Reached XP level 2. HP: 11/15 MP: 4/6
  1309 | D:2      | Found Saor's Assorted Antiques.
  1319 | D:2      | Reached XP level 3. HP: 19/19 MP: 4/7
  1345 | D:2      | Bought a bubbling cyan potion for 20 gold pieces
  1495 | D:2      | Noticed Sigmund
  2476 | D:3      | Reached XP level 4. HP: 24/24 MP: 5/8
  2878 | D:3      | Learned a level 2 spell: Scorch
  2882 | D:3      | Learned a level 3 spell: Conjure Flame
  2922 | D:3      | Found a faded altar of an unknown god.
  2996 | D:3      | Found a runed translucent door.
  2997 | D:3      | Noticed Crazy Yiuf
  3542 | D:4      | Noticed a phantom
  3606 | D:3      | Reached skill level 4 in Fire Magic
  3606 | D:3      | Gained mutation: Your magical nature lets you fly swiftly
                  | and evasively. [Tengu growth]
  3606 | D:3      | Reached XP level 5. HP: 27/28 MP: 5/10
  3659 | D:4      | Slain by a phantom

Illustrated notes

Levels and vault maps discovered:
D:1:      ncdulo_watergridlock, layout_basic, serial_shops, shop
D:2:      layout_loops_cross, serial_shops, nicolae_square_shop,
          minmay_hedge_maze, uniq_sigmund
D:3:      layout_loops_ring, basic_ecumenical_altar, serial_bayou_ford_a,
          minmay_misc_feat_plants, uniq_crazy_yiuf_cottage
D:4:      layout_cave_pods, nicolae_ru_sacrificial_ziggurat,
          minmay_temple_entry_slanted, st_stairs_4, due_unseen_surprise,
          uniq_grinder

Skill      XL: |  1  2  3  4 |
---------------+-------------+-----
Conjurations   | 2 |  2.9
Dodging        | 3 |  3.1
Fire Magic     | 4 |  4.0
Stealth        | |  2.9
Spellcasting   | |  2.7

Action                   |  1- 3 |  4- 6 || total
-------------------------+-------+-------++-------
Melee: Unarmed           |     4 |       ||     4
       Kick              |     3 |     5 ||     8
       Peck              |     1 |       ||     1
       Staff             |     3 |    10 ||    13
 Cast: Foxfire           |    80 |    18 ||    98
       Scorch            |       |     7 ||     7
  Use: Scroll            |     2 |       ||     2
Armor: Robe              |     3 |     6 ||     9
Dodge: Dodged            |    10 |    26 ||    36

Table legend: (Time is in decaauts)
 A = Elapsed time spent in this place.
 B = Non-inter-level travel time spent in this place.
 C = Inter-level travel time spent in this place.
 D = Time resting spent in this place.
 E = Time spent auto-exploring this place.
 F = Levels seen in this place.
 G = Mean time per level.
                   A        B        C        D        E       F      G
               +--------+--------+--------+--------+--------+-----+--------+
         Total |   3674 |   3434 |    240 |     83 |   2948 |   4 |  918.5 |
       Dungeon |   3674 |   3434 |    240 |     83 |   2948 |   4 |  918.5 |
               +--------+--------+--------+--------+--------+-----+--------+

Top non-repeatable levels by time:
     D:3: 1477 daAuts
     D:1: 1245 daAuts
     D:2: 915 daAuts
     D:4: 35 daAuts
